 Dungeon Crawl Stone Soup version 0.30-a0-414-gcb316572d5 (webtiles) character file.

Game seed: 17386798226511082674

1941 NinjaNoafa the Carver (level 9, -5/69 HPs)
             Began as a Merfolk Chaos Knight on Dec 8, 2022.
             Was a Plaything of Xom.
             Slain by a manticore (19 damage)
             ... on level 7 of the Dungeon.
             The game lasted 00:19:33 (6618 turns).

NinjaNoafa the Carver (Merfolk Chaos Knight)        Turns: 6618, Time: 00:19:34

Health: -5/69      AC:  9    Str: 12    XL:     9   Next: 18%
Magic:  9/9        EV: 12    Int: 14    God:    Xom [..*...]
Gold:   460        SH: 17    Dex: 15    Spells: 8/8 levels left

rFire   + . .      SeeInvis .    a - +2 falchion (chaos)
rCold   . . .      Faith    .    e - +3 kite shield
rNeg    . . .      Spirit   .    C - +3 leather armour
rPois   .          Reflect  +    (no helmet)
rElec   .          Harm     .    (no cloak)
rCorr   +          Rampage  .    y - +2 pair of gloves
Will    .....                    (no boots)
Stlth   +.........               i - amulet of reflection
HPRegen 0.31/turn                s - ring of protection from fire
MPRegen 0.11/turn                p - ring of resist corrosion

@: no status effects
A: (nimble swimmer 2), mertail
a: Renounce Religion


You were on level 7 of the Dungeon.
You worshipped Xom.
You were a toy of Xom.
You visited 2 branches of the dungeon, and saw 8 of its levels.
You also visited: Sewer.

You collected 460 gold pieces.

Inventory:

Hand Weapons
 a - a +2 falchion of chaos (weapon)
Missiles
 d - 104 stones
 r - 27 poisoned darts
 E - 3 javelins
 F - a boomerang of dispersal (quivered)
Armour
 e - a +3 kite shield (worn)
 y - a +2 pair of gloves (worn)
 C - a +3 leather armour (worn)
Jewellery
 i - an amulet of reflection (around neck)
 o - a ring of magical power
 p - a ring of resist corrosion (right hand)
 s - a ring of protection from fire (left hand)
 w - a ring of see invisible
 G - a ring of magical power
Wands
 v - a wand of mindburst (18)
Scrolls
 b - a scroll of amnesia {unknown}
 f - 3 scrolls of teleportation {unknown}
 l - 2 scrolls of vulnerability
 m - 2 scrolls of fear {unknown}
 x - 2 scrolls of magic mapping {unknown}
 D - a scroll of brand weapon {unknown}
Potions
 g - 4 potions of curing
 h - 2 potions of brilliance
 j - 2 potions of ambrosia
 k - 2 potions of haste
 n - a potion of flight {unknown}
 q - a potion of lignification {unknown}
 t - a potion of resistance {unknown}
 u - 2 potions of mutation
 z - 2 potions of attraction
 A - a potion of degeneration {unknown}
 B - a potion of invisibility {unknown}
Miscellaneous
 c - a piece from Xom's chessboard (14/15)


   Skills:
 - Level 6.0 Fighting
 - Level 8.0 Long Blades
 - Level 0.6 Armour
 - Level 6.0 Dodging
 + Level 4.9 Shields
 - Level 6.0 Evocations


You had 8 spell levels left.
You didn't know any spells.
Your spell library contained the following spells:

 Spells                   Type           Power      Damage    Failure   Level
 Apportation              Tloc           0%         N/A       71%         1
 Beastly Appendage        Tmut           0%         N/A       71%         1
 Blink                    Tloc           0%         N/A       85%         2
 Momentum Strike          Conj/Tloc      0%         3d8       85%         2
 Static Discharge         Conj/Air       0%         2-2/arc   85%         2
 Sublimation of Blood     Necr           0%         N/A       85%         2
 Wereblood                Tmut           0%         N/A       85%         2
 Lesser Beckoning         Tloc           0%         N/A       97%         3
 Spider Form              Tmut/Pois      0%         N/A       97%         3
 Vhi's Electric Charge    Tloc/Air       0%         N/A       97%         3
 Petrify                  Tmut/Erth      0%         N/A       100%        4
 Arcjolt                  Conj/Air       0%         1d10      100%        5
 Irradiate                Conj/Tmut      0%         3d11      100%        5
 Lightning Bolt           Conj/Air       0%         1d11      100%        5


Dungeon Overview and Level Annotations

Branches:
Dungeon (7/15)             Temple (1/1) D:6           Sewer (visited)

Altars:
Ashenzari
Dithmenos
Elyvilon
Fedhas
Gozag
Hepliaklqana
Kikubaaqudgha
Nemelex Xobeh
Okawaru
Ru
Sif Muna
Trog
Uskayaw
Vehumet
Wu Jian
Xom
Yredelemnul
Zin
The Shining One

Annotations:
D:6 3 runed translucent doors, DeathPants's ghost, weakling VSDe; Dordric's ghost, amateur BaWr; baller8008's ghost, novice DjCj; indyram44's ghost, novice GrFi; lunkers's ghost, novice MeFi


Innate Abilities, Weirdness & Mutations

((You are very nimble when in or above water. (Stealth+, EV+, Speed+++)))
Your lower body shifts to a powerful aquatic tail in water.


Message History

Okay, then.
Unknown command.
The barbs in your skin will harm you if you move.
Continue?
The barbed spikes dig painfully into your body as you move.
The manticore bites you but does no damage.
You block the manticore's attack.
The manticore claws you but does no damage.
You hit the manticore. You drain the manticore.
The manticore is moderately wounded.
The manticore bites you.
The manticore claws you but does no damage.
The manticore misses you.
You hit the manticore.
The manticore flickers and vanishes!
Deactivating autopickup; reactivate with Ctrl-A.
You block something's attack. x2; Something claws you.
You closely miss something. Something bites you but does no damage.
Something claws you. You block something's attack.
You miss something.
You carefully extract the barbed spikes from your body.
You block something's attack. Something claws you!
You block something's attack.
You closely miss something. Something bites you! Something barely misses you.
Something claws you.
Throw: 2 boomerangs (disperse)
Press: ? - help, Q - select action, (/) - cycle Shift-Dir - straight line, f - you
Okay, then.
Throw: 2 boomerangs (disperse)
Press: ? - help, Q - select action, (/) - cycle Shift-Dir - straight line, f - you Really target yourself?
Okay, then.
Throw: 2 boomerangs (disperse)
Press: ? - help, Q - select action, (/) - cycle Shift-Dir - straight line You throw a boomerang of dispersal.
You block something's attack.
Something claws you but does no damage. x2
Something bites you!
* * * LOW HITPOINT WARNING * * *
You block something's attack. Something claws you.
* * * LOW HITPOINT WARNING * * *
You feel better. Something bites you!!
You die...

##..........## #.
#..####.###.##
#.## ##..##...#
#.## #...##
#...#...)# #.##
....# #...#....#
#.## ....
##........# ..##
#..##....######
..# #.{.#....#
..#
..##..@#....####
#................
#################


There were no monsters in sight!

Vanquished Creatures
  Pargi (Sewer)
  An orc warrior (D:7)
  An ice beast (D:6)
  A black bear (D:5)
  2 centaurs
  Blork the orc (D:5)
  A bullfrog (D:7)
  2 necrophages (D:6)
  3 scorpions
  3 wights (D:6)
  A jelly (D:5)
  7 hounds
  4 iguanas
  2 orc wizards (D:7)
  3 gnolls (D:7)
  5 adders
  A river rat (D:6)
  2 white imps (D:7)
  3 ufetubi
  2 worms
  15 orcs
  8 endoplasms
  2 giant cockroaches (Sewer)
  8 goblins
  7 hobgoblins
  8 kobolds
  5 quokkas
  7 ball pythons
  6 bats
  3 frilled lizards
  6 rats
  A bush (D:2)
122 creatures vanquished.

Vanquished Creatures (collateral kills)
  A phantom (D:6)
  A scorpion (D:5)
  A wight (D:6)
  3 gnolls (D:6)
6 creatures vanquished.

Vanquished Creatures (others)
  2 plants (D:2)
2 creatures vanquished.

Grand Total: 130 creatures vanquished

Notes
Turn   | Place    | Note
-------+----------+-------------------------------------------
     0 | D:1      | NinjaNoafa the Merfolk Chaos Knight began the quest for the
                  | Orb.
     0 | D:1      | Reached XP level 1. HP: 18/18 MP: 1/1
    87 | D:1      | Reached skill level 4 in Long Blades
   109 | D:1      | XOM: silly message
   134 | D:1      | Reached XP level 2. HP: 24/24 MP: 2/2
   253 | D:1      | XOM: silly message
   269 | D:1      | XOM: silly message
   379 | D:1      | XOM: divination: detect creatures
   613 | D:1      | XOM: silly message
   707 | D:1      | XOM: noise
   849 | D:1      | XOM: divination: detect items
   958 | D:2      | XOM: silly message
   986 | D:2      | Reached XP level 3. HP: 29/29 MP: 3/3
  1000 | D:2      | Reached skill level 5 in Long Blades
  1314 | D:2      | XOM: cloud trail
  1541 | D:2      | XOM: divination: detect items
  1648 | D:3      | Reached XP level 4. HP: 35/35 MP: 4/4
  1679 | D:3      | Found a faded altar of an unknown god.
  1683 | D:3      | Found a basalt altar of Yredelemnul.
  1717 | D:3      | XOM: divination: detect creatures
  1926 | D:3      | XOM: god gift: hand axe {god gift}
  2018 | D:3      | Noticed a scorpion
  2022 | D:3      | XOM: silly message
  2032 | D:3      | Killed a scorpion
  2033 | D:3      | Reached skill level 6 in Long Blades
  2033 | D:3      | Reached XP level 5. HP: 28/41 MP: 5/5
  2136 | D:3      | XOM: silly message
  2325 | D:4      | Reached skill level 7 in Long Blades
  2769 | D:5      | Entered Level 5 of the Dungeon
  2833 | D:5      | Noticed Blork the orc
  2842 | D:5      | XOM: confuse monster(s)
  2857 | D:5      | Killed Blork the orc
  2858 | D:5      | Reached skill level 8 in Long Blades
  2858 | D:5      | Reached XP level 6. HP: 14/48 MP: 4/6
  3086 | D:5      | Found an ornate altar of the Wu Jian Council.
  3153 | D:5      | Noticed a black bear
  3162 | D:5      | Killed a black bear
  3163 | D:5      | Reached skill level 1 in Evocations
  3183 | D:5      | Reached XP level 7. HP: 54/54 MP: 7/7
  3196 | D:5      | Found a sacrificial altar of Ru.
  3404 | D:5      | XOM: 1-stop teleportation journey
  3431 | D:5      | XOM: summons friendly quasit
  3650 | D:5      | XOM: smoke on damage
  3652 | D:5      | Reached skill level 5 in Fighting
  3924 | D:5      | Reached skill level 5 in Dodging
  3966 | D:5      | XOM: god gift: 6 stones
  4032 | D:5      | Found an ancient bone altar of Kikubaaqudgha.
  4038 | D:5      | Found a shimmering blue altar of Sif Muna.
  4040 | D:5      | Found a radiant altar of Vehumet.
  4045 | D:5      | Got Sif Muna's Precepts of Transposition
  4082 | D:5      | XOM: silly message
  4103 | D:5      | XOM: summons 4 hostile shadow creatures
  4381 | D:5      | Found a sparkling altar of Nemelex Xobeh.
  4438 | D:6      | XOM: confuse monster(s)
  4451 | D:6      | Reached XP level 8. HP: 41/62 MP: 8/8
  4567 | D:6      | Found a runed translucent gate.
  4567 | D:6      | Found a runed translucent gate.
  4567 | D:6      | Found a runed translucent gate.
  4567 | D:6      | Noticed lunkers's ghost (novice MeFi)
  4567 | D:6      | Noticed baller8008's ghost (novice DjCj)
  4567 | D:6      | Noticed Dordric's ghost (amateur BaWr)
  4568 | D:6      | Noticed DeathPants's ghost (weakling VSDe)
  4568 | D:6      | Noticed indyram44's ghost (novice GrFi)
  4595 | D:6      | XOM: blink monster(s)
  4599 | D:6      | XOM: potion effect (haste)
  4607 | D:6      | XOM: enchant monster (bad)
  4618 | D:6      | Found a staircase to the Ecumenical Temple.
  4628 | D:6      | XOM: summons friendly white imp
  4665 | D:5      | XOM: noise
  5045 | D:6      | XOM: cast spell 'Summon Hydra'
  5054 | D:6      | Reached skill level 5 in Evocations
  5057 | D:6      | Found a glowing drain.
  5066 | Sewer    | Entered a sewer
  5116 | Sewer    | Noticed Pargi
  5130 | Sewer    | Killed Pargi
  5329 | Temple   | Entered the Ecumenical Temple
  5421 | D:6      | Found a blossoming altar of Fedhas.
  5430 | D:6      | Reached skill level 1 in Shields
  5908 | D:7      | XOM: noise
  6015 | D:7      | Reached XP level 9. HP: 69/69 MP: 9/9
  6041 | D:7      | Found an iron altar of Okawaru.
  6140 | D:7      | Noticed a manticore
  6144 | D:7      | XOM: confuse monster(s)
  6618 | D:7      | Slain by a manticore

Illustrated notes

Levels and vault maps discovered:
D:1:      psy_arrival_radial02, layout_basic
D:2:      layout_rooms, serial_forest, infiniplex_forest_end_3,
          infiniplex_forest_straight_5, infiniplex_forest_clump_cross,
          infiniplex_forest_lined_2, infiniplex_forest_corner_1,
          infiniplex_forest_clump_medium, infiniplex_forest_end_2,
          infiniplex_forest_clump_long
D:3:      layout_rooms, nicolae_overflow_ecumenical_swirl, minmay_joined_circles
D:4:      layout_cave_pools, dreamdust_wishing_well
D:5:      nicolae_BIG_FREAKIN_CUBE, layout_loops_ring,
          grunt_temple_overflow_magic_moments, mainiacjoe_overflow_catwalk,
          nemelex_diamond_rough_becter, nicolae_wu_jian_wuxing_cycle,
          uniq_blork_the_orc
D:6:      layout_cave_pools, old_standard_altar, minmay_temple_entry_crystal_x,
          portal_sewer_entry_a, gammafunk_ghost_cemetery
D:7:      minmay_recursive_quarters, layout_basic, okawaru_altar_gauntlet_db,
          minivault_4, minmay_manual_mullet, uniq_maggie
Temple:   cyrus_temple_forest

Skill      XL: |  1  2  3  4  5  6  7  8  9 |
---------------+----------------------------+-----
Long Blades    | 4 5 6 8 |  8.0
Dodging        | 3 5 6 |  6.0
Fighting       | 4 5 6 |  6.0
Evocations     | 1 3 6 |  6.0
Shields        | 3 4 |  4.9
Armour         | |  0.6

Action                   |  1- 3 |  4- 6 |  7- 9 || total
-------------------------+-------+-------+-------++-------
Melee: Falchion          |   154 |   131 |   255 ||   540
       Punch             |     3 |       |     1 ||     4
Throw: Dart              |       |       |     1 ||     1
       Boomerang         |       |       |     1 ||     1
Evoke: Piece from Xom's  |       |     5 |     6 ||    11
       Wand              |       |       |     3 ||     3
  Use: Potion            |       |     1 |     5 ||     6
       Scroll            |       |       |    11 ||    11
 Stab: Paralysed         |     1 |     1 |     3 ||     5
       Sleeping          |       |     1 |       ||     1
Armor: Leather armour    |    34 |     4 |    70 ||   108
       Storm dragon scal |     2 |    87 |       ||    89
Dodge: Dodged            |    65 |    61 |   166 ||   292
Block: Kite shield       |       |       |   128 ||   128
       Reflection        |       |       |     6 ||     6

Table legend: (Time is in decaauts)
 A = Elapsed time spent in this place.
 B = Non-inter-level travel time spent in this place.
 C = Inter-level travel time spent in this place.
 D = Time resting spent in this place.
 E = Time spent auto-exploring this place.
 F = Levels seen in this place.
 G = Mean time per level.
                   A        B        C        D        E       F      G
               +--------+--------+--------+--------+--------+-----+--------+
         Total |   6533 |   6078 |    455 |      0 |   4603 |   9 |  725.9 |
       Dungeon |   6243 |   5813 |    430 |      0 |   4416 |   7 |  891.9 |
        Temple |     79 |     54 |     25 |      0 |     47 |   1 |   79.0 |
         Sewer |    210 |    210 |      0 |      0 |    139 |   1 |  210.0 |
               +--------+--------+--------+--------+--------+-----+--------+

Top non-repeatable levels by time:
     D:5: 1709 daAuts
     D:2: 951 daAuts
     D:1: 860 daAuts
     D:6: 751 daAuts
     D:7: 718 daAuts
     D:3: 717 daAuts
     D:4: 534 daAuts
   Sewer: 210 daAuts
  Temple: 79 daAuts
